 Dungeon Crawl Stone Soup version 0.20.0-15-g7f486f2 (webtiles) character file.

12859 Samus the Destroyer (level 11, -3/44 HPs)
             Began as a Tengu Conjurer on June 14, 2017.
             Was a Priest of Hepliaklqana.
             Slain by a freezing wraith (16 damage)
             ... on level 11 of the Dungeon on June 15, 2017.
             The game lasted 02:14:58 (16051 turns).

Samus the Destroyer (Tengu Conjurer)               Turns: 16051, Time: 02:14:58

Health: -3/44      AC:  7    Str:  8    XL:     11   Next: 99%
Magic:  9/27       EV: 15    Int: 20    God:    Hepliaklqana [***...]
Gold:   624        SH:  0    Dex: 16    Spells: 7/32 levels left

rFire    . . .     SeeInvis +   d - +3 dagger (venom)
rCold    . . .     Gourm    .   (no shield)
rNeg     . . .     Faith    .   u - +1 leather armour {rPois}
rPois    +         Spirit   .   (helmet restricted)
rElec    .         Reflect  .   N - +0 cloak
rCorr    .         Harm     .   (no gloves)
MR       +....                  (boots unavailable)
Stlth    +++.......             (no amulet)
Regen    0.2/turn               r - +2 ring of protection
MPRegen  0.2/turn               C - ring of see invisible

@: slowed, very slow
A: reduced essence, beak, talons 3, clever 1, frail 1, magic resistance 1, able
to fly 1
a: Fly, Recall Ancestor, Ancestor Identity, Transference, Renounce Religion


You were on level 11 of the Dungeon.
You worshipped Hepliaklqana.
Hepliaklqana was most pleased with you.
You were not hungry.

You visited 3 branches of the dungeon, and saw 13 of its levels.

You collected 744 gold pieces.
You spent 120 gold pieces at shops.

Inventory:

Hand Weapons
 d - a +3 dagger of venom (weapon)
 k - a +4 dagger
 I - a +4 dagger
 K - a +0 flail of holy wrath
Missiles
 L - 2 throwing nets (quivered)
Armour
 a - a +0 robe
 u - a +1 leather armour of poison resistance (worn)
 J - a +0 leather armour of cold resistance
 N - a +0 cloak (worn)
 Q - a +2 robe of positive energy
Magical Staves
 t - an uncursed staff of earth {unknown}
Jewellery
 e - a +3 ring of slaying
 j - an uncursed ring of fire
 l - an uncursed ring of resist corrosion
 r - a +2 ring of protection (left hand)
 y - an uncursed ring of ice
 C - a ring of see invisible (right hand)
 P - an uncursed ring of poison resistance
Wands
 q - a wand of scattershot (4/9)
 v - a wand of clouds (6/9)
 A - a wand of confusion (18/48)
 E - a wand of random effects (35/48)
Scrolls
 f - 7 scrolls of remove curse
 h - a scroll of fear
 o - 5 scrolls of identify
 s - 2 scrolls of recharging
 D - 4 scrolls of teleportation {unknown}
 F - 2 scrolls of fog {unknown}
 H - 4 scrolls of blinking {unknown}
 R - a scroll of amnesia
 S - a scroll of torment {unknown}
Potions
 i - a potion of heal wounds
 m - 6 potions of brilliance
 p - a potion of flight
 z - 5 potions of might
 B - 2 potions of magic
 M - 3 potions of berserk rage
 O - a potion of lignification {unknown}
 U - a potion of agility
Books
 b - a book of Conjurations

   Spells                             Type                      Level
   a - Magic Dart                     Conjuration                  1
   b - Searing Ray                    Conjuration                  2
   c - Dazzling Spray                 Conjuration/Hexes            3
   d - Fulminant Prism                Conjuration/Hexes            4
   e - Force Lance                    Conjuration/Translocation    4
   f - Iskenderun's Mystic Blast      Conjuration                  4
 n - a book of Cantrips

   Spells                             Type                      Level
   a - Confusing Touch                Hexes                        1
   b - Animate Skeleton               Necromancy                   1
   c - Summon Small Mammal            Summoning                    1
   d - Apportation                    Translocation                1
 w - a book of Minor Magic

   Spells                             Type                      Level
   a - Magic Dart                     Conjuration                  1
   b - Blink                          Translocation                2
   c - Call Imp                       Summoning                    2
   d - Slow                           Hexes                        2
   e - Conjure Flame                  Conjuration/Fire             3
   f - Mephitic Cloud                 Conjuration/Poison/Air       3
 x - a book of Callings

   Spells                             Type                      Level
   a - Summon Small Mammal            Summoning                    1
   b - Call Imp                       Summoning                    2
   c - Call Canine Familiar           Summoning                    3
   d - Summon Guardian Golem          Hexes/Summoning              3
   e - Summon Lightning Spire         Summoning/Air                4
   f - Summon Ice Beast               Ice/Summoning                4
 T - a book of Misfortune

   Spells                             Type                      Level
   a - Confusing Touch                Hexes                        1
   b - Confuse                        Hexes                        3
   c - Gell's Gravitas                Translocation                3
   d - Petrify                        Transmutation/Earth          4
   e - Metabolic Englaciation         Hexes/Ice                    5
   f - Yara's Violent Unravelling     Hexes/Transmutation          5
Comestibles
 c - 10 bread rations
 g - 8 royal jellies
 G - 6 meat rations


   Skills:
 - Level 1.0 Fighting
 + Level 4.9 Short Blades
 - Level 1.8 Armour
 + Level 5.4 Dodging
 + Level 4.6 Stealth
 + Level 11.1 Spellcasting
 - Level 14.4 Conjurations
 + Level 2.5 Hexes
 - Level 2.9 Necromancy
 + Level 0.2 Translocations
 * Level 2.3 Invocations


You had 7 spell levels left.
You knew the following spells:

 Your Spells              Type           Power        Failure   Level  Hunger
a - Magic Dart            Conj           ####         1%          1    None
b - Searing Ray           Conj           ######       1%          2    None
c - Dazzling Spray        Conj/Hex       #####.       1%          3    None
d - Iskenderun's Mystic   Conj           ######..     1%          4    ##.....
e - Fulminant Prism       Conj/Hex       #####.....   2%          4    ##.....
f - Blink                 Tloc           N/A          12%         2    None
g - Slow                  Hex            ###.....     4%          2    None
h - Animate Skeleton      Necr           N/A          2%          1    None
i - Confuse               Hex            ###.....     9%          3    None
j - Gell's Gravitas       Tloc           ##........   24%         3    None


Dungeon Overview and Level Annotations

Branches:
Dungeon (11/15)            Temple (1/1) D:7            Lair (1/6) D:8
    Orc: D:9-12

Altars:
Ashenzari
Cheibriados
Dithmenos
Elyvilon
Fedhas
Gozag
Hepliaklqana
Kikubaaqudgha
Makhleb
Nemelex Xobeh
Okawaru
Qazlal
Ru
Sif Muna
Trog
Uskayaw
Vehumet
Xom
Yredelemnul
Zin
The Shining One

Shops:
D:4 *   D:5 *

Annotations:
D:7 2 transporters
D:9 exclusion: ice statue


Innate Abilities, Weirdness & Mutations

You have a beak for a mouth.
You have claws for feet.
You can fly.
Your life essence is reduced. (-10% HP)
Your mind is acute. (Int +2)
You are frail. (-10% HP)
You are resistant to hostile enchantments. (MR+)


Message History

The searing ray hits the freezing wraith.
The freezing wraith is heavily damaged.
You finish channeling your searing ray.
Casting: Searing Ray
Confirm with . or Enter, or press ? or * to list all spells.
Aiming: Searing Ray
Press: ? - help, Shift-Dir - straight line, f/p - freezing wraith
Aim: a freezing wraith (heavily damaged)
The searing ray hits the freezing wraith.
The freezing wraith is severely damaged. (Press . to maintain the ray.)
The freezing wraith barely misses you. The freezing wraith hits you.
The freezing wraith drains your vigour!
You feel yourself slow down.
Pokey Finite hits the freezing wraith but does no damage.
The searing ray hits the freezing wraith.
The freezing wraith is severely damaged.
The freezing wraith hits you!
* * * LOW HITPOINT WARNING * * *
The freezing wraith freezes you!
You die...

......# #..#
#.....c.......... ......#
#..# #.....)..........
.(##### #..#
#..........###### ..# #..#
#...(......# ..# #..#
#..........# ..##### #..#
#<.........## ......#
#†.#####R..........#
......####.......W..........#
...........(....@...#####...#
.......###########..#
#...##### .......# #..#
#........ .<.....# #..#
#........ .......# #..#
#(....... .......# #........
.......# #........ .......#
#........ .......# #........


You could see the friendly Pokey Finite the knight and a freezing wraith.

Vanquished Creatures
  5 two-headed ogres
  Urug (D:10)
  An unseen horror (D:10)
  A rime drake (Lair:1)
  The ghost of Lucherd the Skirmisher, an amateur CeFi (D:4)
  A hornet (D:7)
  Grinder (D:6)
  3 hippogriffs
  A spriggan (D:8)
  A vampire mosquito (D:11)
  Menkaure (D:6)
  2 orc warriors
  2 black bears
  A sky beast (D:5)
  9 ogres
  3 phantoms
  A centaur (D:6)
  8 bullfrogs
  2 scorpions
  6 killer bees (D:7)
  A wight (D:10)
  5 howler monkeys
  A jelly (D:6)
  A crimson imp (D:10)
  A quasit (D:7)
  A bullfrog zombie (D:5)
  A centaur zombie (D:7)
  7 hounds
  4 orc priests
  2 bullfrog skeletons
  Ijyb (D:5)
  A centaur skeleton (D:8)
  An iguana (D:7)
  A knight (D:10)
  6 orc wizards
  11 worker ants
  A hound zombie (D:6)
  2 hound skeletons
  7 gnolls
  6 adders
  A howler monkey skeleton (D:4)
  A river rat (D:5)
  3 shadow imps
  An ooze (D:1)
  4 worms
  2 dart slugs
  4 leopard geckos
  27 orcs
  18 giant cockroaches
  7 goblins
  11 hobgoblins
  12 jackals
  6 quokkas
  3 ball pythons
  8 bats
  5 frilled lizards
  5 kobolds
  A leopard gecko skeleton (D:5)
  A leopard gecko zombie (D:5)
  A quokka skeleton (D:5)
  7 rats
240 creatures vanquished.

Vanquished Creatures (collateral kills)
  A cyclops (D:10)
  A centaur zombie (D:11)
  Maurice (D:8)
  A hornet (D:10)
  A hippogriff (D:11)
  A wraith (D:10)
  An orc warrior (D:8)
  A sky beast (D:8)
  A hornet zombie (D:9)
  2 ice beasts (D:11)
  A necrophage (D:8)
  2 centaurs (D:8)
  2 bullfrogs
  A gnoll sergeant (D:8)
  2 wights (D:10)
  A hound (D:7)
  A centaur skeleton (D:8)
  2 orc priests
  A bullfrog skeleton (D:9)
  3 orc wizards
  An iguana (D:8)
  5 worker ants
  A gnoll (D:8)
  An adder (D:10)
  2 shadow imps
  6 orcs
43 creatures vanquished.

Vanquished Creatures (others)
  8 knights
  18 fulminant prisms
  4 toadstools (D:1)
30 creatures vanquished.

Grand Total: 313 creatures vanquished

Notes
Turn   | Place    | Note
-------+----------+-------------------------------------------
     0 | D:1      | Samus the Tengu Conjurer began the quest for the Orb.
     0 | D:1      | Reached XP level 1. HP: 10/10 MP: 4/4
    67 | D:1      | Reached XP level 2. HP: 6/15 MP: 1/6
    71 | D:1      | Learned a level 2 spell: Searing Ray
   409 | D:1      | Reached skill level 6 in Conjurations
   521 | D:1      | Reached XP level 3. HP: 19/19 MP: 2/7
   526 | D:1      | Learned a level 3 spell: Dazzling Spray
  1394 | D:2      | Reached XP level 4. HP: 24/24 MP: 0/9
  2265 | D:3      | Noticed a bullfrog
  2271 | D:3      | Killed a bullfrog
  2271 | D:3      | Gained mutation: You can fly. [Tengu growth]
  2271 | D:3      | Reached XP level 5. HP: 26/28 MP: 4/10
  2814 | D:4      | Noticed Lucherd's ghost (amateur CeFi)
  3003 | D:4      | Noticed an ogre
  3612 | D:4      | Found Buniug's Serpentskin Sales.
  3614 | D:4      | Reached skill level 7 in Conjurations
  3623 | D:4      | Reached skill level 1 in Short Blades
  3628 | D:4      | Bought a +0 leather armour of poison resistance for 72 gold pieces
  3736 | D:4      | Learned a level 4 spell: Iskenderun's Mystic Blast
  3743 | D:4      | Killed an ogre
  3743 | D:4      | Reached XP level 6. HP: 32/32 MP: 0/12
  4582 | D:5      | Entered Level 5 of the Dungeon
  4894 | D:5      | Noticed Ijyb
  4905 | D:5      | Killed Ijyb
  4914 | D:5      | Noticed a phantom
  4963 | D:5      | Killed a phantom
  4963 | D:5      | Reached skill level 1 in Armour
  4963 | D:5      | Reached XP level 7. HP: 3/37 MP: 0/14
  5231 | D:5      | Reached skill level 1 in Fighting
  5391 | D:5      | Found a stormy altar of Qazlal.
  5436 | D:5      | Learned a level 4 spell: Fulminant Prism
  5481 | D:5      | Reached skill level 8 in Conjurations
  5706 | D:5      | Found Sauxaigu's General Store.
  5713 | D:5      | Bought a potion of might for 48 gold pieces
  6187 | D:6      | Reached skill level 5 in Spellcasting
  6187 | D:6      | Reached XP level 8. HP: 39/43 MP: 14/16
  6344 | D:4      | Killed Lucherd's ghost
  6344 | D:4      | Reached skill level 9 in Conjurations
  6892 | D:6      | Reached skill level 10 in Conjurations
  6892 | D:6      | Reached XP level 9. HP: 36/47 MP: 11/19
  7188 | D:6      | Noticed Grinder
  7202 | D:6      | Killed Grinder
  7383 | D:6      | Noticed Menkaure
  7386 | D:6      | Killed Menkaure
  7895 | D:6      | Learned a level 1 spell: Magic Dart
  7895 | D:6      | Gained mutation: You are frail. (-10% HP) [potion of mutation]
  7895 | D:6      | Gained mutation: Your mind is acute. (Int +2) [potion of mutation]
  7895 | D:6      | Gained mutation: You are resistant to hostile enchantments. (MR+) [potion of mutation]
  8236 | D:7      | Reached skill level 11 in Conjurations
  8724 | D:7      | Found a transporter.
  8737 | D:7      | Noticed a hornet
  8772 | D:7      | Killed a hornet
  9094 | D:7      | Reached skill level 1 in Hexes
  9094 | D:7      | Reached XP level 10. HP: 46/46 MP: 17/22
  9100 | D:7      | Reached skill level 12 in Conjurations
  9315 | D:7      | Reached skill level 5 in Dodging
  9987 | D:7      | Found a staircase to the Ecumenical Temple.
  9994 | Temple   | Entered the Ecumenical Temple
 10026 | Temple   | Became a worshipper of Hepliaklqana the Forgotten
 10253 | D:7      | Found a transporter.
 10821 | D:8      | Noticed Maurice
 10852 | D:8      | Killed Maurice
 11416 | D:8      | Learned a level 2 spell: Blink
 11419 | D:8      | Learned a level 2 spell: Slow
 11421 | D:8      | Learned a level 1 spell: Animate Skeleton
 11436 | D:8      | Noticed a two-headed ogre
 11439 | D:8      | Killed a two-headed ogre
 11439 | D:8      | Reached skill level 13 in Conjurations
 11540 | D:8      | Noticed a two-headed ogre
 11549 | D:8      | Killed a two-headed ogre
 11725 | D:8      | Found a shimmering altar of Xom.
 11725 | D:8      | Reached * piety under Hepliaklqana
 11767 | D:8      | Found a staircase to the Lair.
 11889 | D:8      | Found a glowing golden altar of the Shining One.
 12054 | D:8      | Reached XP level 11. HP: 44/44 MP: 19/25
 12463 | D:10     | Entered Level 10 of the Dungeon
 12538 | Lair:1   | Entered Level 1 of the Lair of Beasts
 12538 | Lair:1   | Reached ** piety under Hepliaklqana
 12539 | Lair:1   | Remembered your ancestor Pokey Finite as a knight
 12779 | D:9      | Reached skill level 1 in Necromancy
 13339 | D:9      | Reached skill level 14 in Conjurations
 13460 | D:9      | Found a bloodstained altar of Trog.
 13460 | D:9      | Found a blossoming altar of Fedhas.
 13987 | D:10     | Noticed a cyclops
 14016 | D:10     | Killed a cyclops
 14016 | D:10     | Reached skill level 10 in Spellcasting
 14208 | D:10     | Noticed a two-headed ogre
 14217 | D:10     | Noticed Urug
 14221 | D:10     | Killed a two-headed ogre
 14307 | D:10     | Noticed an unseen horror
 14596 | D:10     | Killed Urug
 14613 | D:10     | Noticed a two-headed ogre
 14644 | D:10     | Killed a two-headed ogre
 14780 | D:10     | Killed an unseen horror
 15047 | D:10     | Reached *** piety under Hepliaklqana
 15477 | D:11     | Learned a level 3 spell: Confuse
 15481 | D:11     | Learned a level 3 spell: Gell's Gravitas
 15700 | D:11     | Reached skill level 1 in Invocations
 15742 | D:11     | Noticed a two-headed ogre
 15754 | D:11     | Killed a two-headed ogre
 15755 | D:11     | Noticed a centaur warrior
 16051 | D:11     | Slain by a freezing wraith

Skill      XL: |  1  2  3  4  5  6  7  8  9 10 11 |
---------------+----------------------------------+-----
Conjurations   | 6 7 8 10 11 13 14 | 14.4
Spellcasting   | 3 4 5 6 7 9 11 | 11.1
Short Blades   | 1 2 3 4 |  4.9
Dodging        | 3 4 5 |  5.4
Stealth        | 3 4 |  4.6
Armour         | 1 |  1.8
Fighting       | 1 |  1.0
Hexes          | 1 2 |  2.5
Necromancy     | 2 |  2.9
Invocations    | 2 |  2.3
Translocations | |  0.2

Action                   |  1- 3 |  4- 6 |  7- 9 | 10-12 || total
-------------------------+-------+-------+-------+-------++-------
Melee: Dagger            |    17 |    51 |    88 |    48 ||   204
       Kick              |     4 |    11 |    24 |    10 ||    49
       Peck              |     2 |     9 |    12 |     8 ||    31
 Cast: Magic Dart        |    74 |    80 |    91 |   183 ||   428
       Searing Ray       |       |    13 |    40 |    46 ||    99
       Iskenderun's Myst |       |     2 |    12 |    34 ||    48
       Dazzling Spray    |       |       |     1 |     1 ||     2
       Fulminant Prism   |       |       |     4 |    14 ||    18
       Animate Skeleton  |       |       |       |    22 ||    22
Invok: Ancestor Identity |       |       |       |     1 ||     1
       Recall Ancestor   |       |       |       |     3 ||     3
       Transference      |       |       |       |     1 ||     1
       Ancestor Life: Kn |       |       |       |     1 ||     1
 Abil: Fly               |       |       |     3 |     5 ||     8
  Use: Scroll            |     5 |     1 |     4 |     5 ||    15
       Potion            |     4 |     4 |     6 |     5 ||    19
  Eat: Chunk             |     2 |     8 |    11 |    21 ||    42
       Bread ration      |       |     1 |     1 |     1 ||     3
Armor: Robe              |     2 |     7 |       |       ||     9
       Leather armour    |       |     6 |    27 |    27 ||    60
Dodge: Dodged            |    16 |    45 |    82 |    87 ||   230
